 Dungeon Crawl Stone Soup version 0.17.1-2-g5865329 (webtiles) character file.

217 chupachota the Chopper (level 6, 0/48 HPs)
             Began as a Human Berserker on Jan 20, 2016.
             Was a Believer of Trog.
             Succumbed to a kobold's poison
             ... on level 3 of the Dungeon.
             The game lasted 00:18:10 (3780 turns).

chupachota the Chopper (Human Berserker)            Turns: 3780, Time: 00:18:10

Health: 0/48       AC:  8    Str: 20    XL:     6   Next: 16%
Magic:  3/6        EV:  9    Int:  7    God:    Trog [**....]
Gold:   104        SH:  8    Dex: 12    Spells: 0 memorised, 5 levels left

rFire  . . .     SeeInvis +     a - +0 hand axe
rCold  . . .     Clarity  .     l - +0 ring mail
rNeg   . . .     SustAt   .     m - +0 shield
rPois  .         Gourm    .     s - +0 helmet {SInv}
rElec  .         Spirit   +     (no cloak)
rCorr  .         Warding  .     d - +0 pair of gloves
rMut   .         Stasis   .     (no boots)
MR     .....                    p - amulet of guardian spirit
Stlth  +.........               (no ring)
                                (no ring)

@: lethally poisoned (0 -> -36), exhausted, slowed, very slow, not resistant to
hostile enchantments, very unstealthy
A: no striking features
a: Berserk, Trog's Hand, Burn Spellbooks, Renounce Religion


You were on level 3 of the Dungeon.
You worshipped Trog.
Trog was pleased with you.
You were hungry.

You visited 1 branch of the dungeon, and saw 3 of its levels.

You collected 104 gold pieces.

Inventory:

Hand Weapons
 a - a +0 hand axe (weapon)
 u - a +1 whip of electrocution
 C - a +0 flail
Armour
 b - a +0 animal skin
 d - a +0 pair of gloves (worn)
 g - a +0 scale mail
 l - a +0 ring mail (worn)
 m - a +0 shield (worn)
 o - a +0 scale mail
 s - a +0 helmet of see invisible (worn)
 t - a +0 leather armour
 w - a +0 leather armour
 y - a +0 ring mail
 D - a +0 leather armour
Jewellery
 p - an amulet of guardian spirit (around neck)
Scrolls
 f - 2 scrolls of random uselessness {unknown}
 h - 4 scrolls of identify {unknown}
 i - a scroll of remove curse
 j - a scroll of fear {unknown}
 k - a scroll of fog {unknown}
 q - 2 scrolls of immolation {unknown}
 r - 2 scrolls of enchant weapon {unknown}
Potions
 e - a potion of agility {unknown}
 v - a potion of heal wounds {unknown}
 A - a potion of might {unknown}
 B - a potion of flight {unknown}
 F - a potion of degeneration {unknown}
Comestibles
 c - 4 bread rations
 x - a meat ration
 z - 7 fruits
 E - a beef jerky


   Skills:
 + Level 3.7 Fighting
 + Level 4.1 Axes
 + Level 3.3 Armour
 + Level 3.1 Dodging
 + Level 0.4 Stealth
 + Level 1.5 Shields


You had 5 spell levels left.
You didn't know any spells.

Dungeon Overview and Level Annotations

Branches:
Dungeon (3/15)

Altars:
Elyvilon
Zin
The Shining One


Message History

You feel a strong urge to attack something.
* * * LOW HITPOINT WARNING * * *
You feel sick.
The kobold unwields an uncursed blowgun.
The kobold hits you but does no damage.
You slash the kobold!
You kill the kobold!
Trog accepts your kill.
* * * LOW HITPOINT WARNING * * *
You feel very sick.
You are too berserk!
Eat which item? (? for menu, Esc to quit)
* * * LOW HITPOINT WARNING * * *
You feel sick.
That choko was very bland.
You are no longer berserk.
You are exhausted.
You feel yourself slow down.
You are feeling hungry.
You die...

#. ) . #######
##.....##
#....@..### ##
#$......(.# .## #.
#........(## #...#
##
##.....#...##......
#.
#########.........
## #.####..<####
#.# #... #># ##)##
#.# ##..##


There were no monsters in sight!

Vanquished Creatures
  The ghost of Starbucks the Grasshopper, an amateur DsWr (D:3)
  Jessica (D:3)
  4 gnolls (D:2)
  An adder (D:2)
  An ooze (D:2)
  A giant gecko (D:1)
  An orc (D:3)
  8 bats
  10 goblins
  10 hobgoblins
  2 jackals (D:2)
  A quokka (D:2)
  6 giant newts
  7 kobolds
  8 rats
62 creatures vanquished.

Notes
Turn   | Place    | Note
--------------------------------------------------------------
     0 | D:1      | chupachota the Human Berserker began the quest for the Orb.
     0 | D:1      | Reached XP level 1. HP: 18/18 MP: 1/1
   655 | D:1      | Reached XP level 2. HP: 24/24 MP: 2/2
  1527 | D:1      | Reached XP level 3. HP: 27/29 MP: 3/3
  1739 | D:1      | Reached ** piety under Trog
  2202 | D:2      | Reached skill level 1 in Shields
  2202 | D:2      | Reached XP level 4. HP: 13/35 MP: 1/4
  2811 | D:2      | Found a white marble altar of Elyvilon.
  2814 | D:2      | Found a glowing silver altar of Zin.
  2821 | D:2      | Found a glowing golden altar of the Shining One.
  2848 | D:2      | Reached XP level 5. HP: 37/41 MP: 5/5
  3285 | D:3      | Noticed Jessica
  3304 | D:3      | Killed Jessica
  3757 | D:3      | Noticed Starbucks's ghost (amateur DsWr)
  3775 | D:3      | Killed Starbucks's ghost
  3775 | D:3      | Reached skill level 4 in Axes
  3775 | D:3      | Reached XP level 6. HP: 14/48 MP: 2/6
  3779 | D:3      | HP: 2/72 [poisoned by a kobold]
  3780 | D:3      | Succumbed to a kobold's poison

Action                   |  1- 3 |  4- 6 || total
-------------------------+-------+-------++-------
Melee: Hand axe          |    98 |   119 ||   217
Invok: Berserk           |     1 |     2 ||     3
       Trog's Hand       |       |     1 ||     1
  Use: Scroll            |     1 |       ||     1
  Eat: Chunk             |     4 |     7 ||    11
       Fruit             |       |     1 ||     1
